 Dungeon Crawl Stone Soup version 0.22-b1-26-g9dbaab1 (webtiles) character file.

12334 troglodite the Protected (level 11, -4/89 HPs)
             Began as a Demonspawn Berserker on Aug 6, 2018.
             Was a High Priest of Trog.
             Slain by a salamander
             ... wielding a +0 trident
              (5 damage)
             ... in a volcano.
             The game lasted 00:43:46 (11905 turns).

troglodite the Protected (Demonspawn Berserker)    Turns: 11905, Time: 00:43:46

Health: -4/89      AC: 13    Str: 18    XL:     11   Next: 61%
Magic:  11/11      EV: 17    Int:  9    God:    Trog [*****.]
Gold:   744        SH:  0    Dex: 21    Spells: 10/10 levels left

rFire    + . .     SeeInvis .   h - +3 falchion
rCold    + . .     Gourm    .   (no shield)
rNeg     . . .     Faith    +   B - +3 leather armour of the Known World {rPois rCorr Dex+6}
rPois    +         Spirit   .   (no helmet)
rElec    .         Reflect  .   g - scarf {rC+ rF+}
rCorr    +         Harm     .   d - +0 pair of gloves
MR       .....                  n - +0 pair of boots
Stlth    +++.......             l - amulet of faith
HPRegen  2.24/turn              x - ring of flight
MPRegen  0.12/turn              y - ring of stealth

@: berserk cooldown, slowed, very slow
A: talons 1, yellow scales 2, demonic guardian 2, powered by death 2
a: Berserk, Trog's Hand, Brothers in Arms, Renounce Religion, Evoke Flight


You were in a volcano.
You worshipped Trog.
Trog was extremely pleased with you.
You were near starving.

You visited 2 branches of the dungeon, and saw 12 of its levels.
You also visited: Volcano.

You collected 744 gold pieces.

Inventory:

Hand Weapons
 a - a +1 falchion
 f - a +0 hand axe of flaming
 h - a +3 falchion (weapon)
Armour
 d - a +0 pair of gloves (worn)
 g - a scarf of resistance (worn)
 n - a +0 pair of boots (worn)
 u - a +1 chain mail of poison resistance
 B - the +3 leather armour of the Known World (worn) {rPois rCorr Dex+6}
   (You found it on level 10 of the Dungeon)

   It affects your dexterity (+6).
   It protects you from poison.
   It provides partial protection from all sources of acid and corrosion.
Jewellery
 l - an amulet of faith (around neck)
 x - a ring of flight (left hand)
 y - a ring of stealth (right hand)
Wands
 t - a wand of enslavement (8)
 v - a wand of acid (5)
 D - a wand of flame (16)
Scrolls
 i - 4 scrolls of teleportation
 k - 3 scrolls of enchant weapon
 m - a scroll of blinking
 r - a scroll of remove curse
 A - a scroll of fear
Potions
 b - 4 potions of curing
 e - 3 potions of heal wounds
 j - 2 potions of agility
 o - 2 potions of invisibility
 p - 3 potions of brilliance
 s - 4 potions of flight
 w - 2 potions of lignification
 z - a potion of magic {unknown}
Comestibles
 c - 21 rations


   Skills:
 * Level 9.3 Fighting
 + Level 9.2 Long Blades
 + Level 1.9 Axes
 * Level 10.4 Armour
 * Level 6.6 Dodging
 + Level 2.2 Stealth


You had 10 spell levels left.
You didn't know any spells.
Your spell library was empty.

Dungeon Overview and Level Annotations

Branches:
Dungeon (11/15)            Temple (0/1) D:4            Lair (0/6) D:10
    Orc (1/2) D:9

Altars:
Ashenzari
Gozag
Hepliaklqana
Nemelex Xobeh
Uskayaw
Yredelemnul
Zin
The Shining One

Shops:
D:4 ?


Innate Abilities, Weirdness & Mutations

You have sharp toenails.
You are mostly covered in yellow scales. (AC +3)
A demonic guardian rushes to your aid.
You regenerate health from kills.


Message History

The salamander is heavily wounded.
The salamander completely misses you.
Your soul eater closely misses the salamander.
The salamander barely misses you.
Unknown command.
Press < or > to pray at altars.
You slash the salamander!
The salamander is heavily wounded.
You are no longer berserk.
You are exhausted.
You feel yourself slow down. The salamander hits you with a spear.
* * * LOW HITPOINT WARNING * * *
You are engulfed in flames.
You resist.
* * * LOW HITPOINT WARNING * * *
You hit the salamander.
The salamander is heavily wounded.
The salamander hits you with a trident!
* * * LOW HITPOINT WARNING * * *
You are engulfed in flames.
You resist.
You die...

≈≈≈≈§§§≈≈≈§≈≈≈§§≈≈≈§§≈≈§§§≈§≈§§§§
§≈≈≈≈§§≈≈§§≈≈≈§§§≈§§§§≈≈≈≈≈§§≈≈§≈
§≈≈≈≈§§≈≈ ≈§≈≈≈≈≈§§ ≈≈≈≈
≈§§≈§§§§≈ ≈≈ ≈§≈§≈§≈≈§ ≈§ §≈≈ ≈≈
####### ≈ ≈§ +..N..+ ≈§ #.8@8.#
#.N3..# ≈≈≈≈≈≈≈§# ###'###
§≈≈≈≈§§.# #.# ≈≈§≈§≈≈.# #.#
≈§≈≈§≈§.# #.# ≈≈≈≈≈≈≈.# #.#
≈≈≈≈≈≈≈.# #.# ≈≈≈≈§§≈.# #.#


You could see 2 salamanders and a friendly soul eater.

Vanquished Creatures
  A hydra (D:8)
  Urug (D:10)
  A troll (Orc:1)
  A hornet (D:10)
  Grinder (D:3)
  A dream sheep (D:8)
  A shadow (D:9)
  A wyvern (D:5)
  2 fire bats (Volcano)
  10 yaks
  A hungry ghost (D:7)
  A water moccasin (D:7)
  A hell hound (D:10)
  An ice beast (D:9)
  6 orc warriors
  5 ogres
  A black bear (D:9)
  A phantom (D:9)
  2 centaurs
  5 big kobolds
  2 bullfrogs
  A water moccasin zombie (D:4)
  6 scorpions
  9 wights
  8 killer bees
  7 howler monkeys
  A crimson imp (D:8)
  5 lava snakes (Volcano)
  A bullfrog zombie (D:4)
  3 hounds
  A jelly (D:10)
  9 orc wizards
  5 orc priests
  Jessica (D:2)
  Terence (D:3)
  5 iguanas
  6 worker ants
  A killer bee zombie (D:9)
  A hound zombie (D:7)
  2 hound skeletons
  A howler monkey zombie (D:5)
  2 worker ant zombies (D:5)
  14 adders
  3 gnolls (D:5)
  3 shadow imps
  3 oozes
  6 dart slugs
  5 worms
  4 leopard geckos
  43 orcs
  4 bats
  5 giant cockroaches
  11 goblins
  6 hobgoblins
  8 jackals
  4 quokkas
  3 ball pythons
  6 frilled lizards
  A jackal zombie (D:7)
  14 kobolds
  4 rats
269 creatures vanquished.

Vanquished Creatures (collateral kills)
  An orc warlord (Orc:1)
  Fannar (D:10)
  A two-headed ogre (D:8)
  A salamander mystic (Volcano)
  An orc sorcerer (Orc:1)
  A salamander (Volcano)
  Joseph (D:10)
  A troll (D:10)
  A dream sheep (D:8)
  A vampire (D:10)
  A wraith (D:10)
  4 yaks (D:10)
  A hell hound (D:10)
  A wyvern skeleton (D:8)
  4 wights (D:10)
  A jelly (D:10)
  3 orc wizards
  A hound (D:10)
  An orc priest (D:5)
  A bullfrog skeleton (D:10)
  An iguana (D:7)
  An adder skeleton (D:8)
  8 orcs
  3 kobolds
41 creatures vanquished.

Grand Total: 310 creatures vanquished

Notes
Turn   | Place    | Note
-------+----------+-------------------------------------------
     0 | D:1      | troglodite the Demonspawn Berserker began the quest for the Orb.
     0 | D:1      | Reached XP level 1. HP: 18/18 MP: 1/1
   143 | D:1      | Gained mutation: You have sharp toenails. [demonic ancestry]
   143 | D:1      | Reached XP level 2. HP: 23/24 MP: 2/2
   279 | D:1      | Reached skill level 2 in Armour
   279 | D:1      | Gained mutation: You regenerate a little health from kills. [demonic ancestry]
   279 | D:1      | Reached XP level 3. HP: 29/29 MP: 3/3
   296 | D:1      | Reached ** piety under Trog
  1025 | D:2      | Found a shattered altar of Ashenzari.
  1375 | D:2      | Gained mutation: A weak demonic guardian rushes to your aid. [demonic ancestry]
  1375 | D:2      | Reached XP level 4. HP: 27/37 MP: 4/4
  1474 | D:2      | Noticed Jessica
  1485 | D:2      | Killed Jessica
  1569 | D:2      | Found a basalt altar of Yredelemnul.
  1571 | D:2      | Noticed a profane servitor
  1584 | D:2      | Found a glowing golden altar of the Shining One.
  1586 | D:2      | Noticed an angel
  1931 | D:3      | Reached XP level 5. HP: 43/43 MP: 5/5
  2049 | D:3      | Reached *** piety under Trog
  2051 | D:3      | Noticed Grinder
  2056 | D:3      | Paralysed by Grinder for 5 turns
  2067 | D:3      | Killed Grinder
  2067 | D:3      | Reached skill level 3 in Armour
  2067 | D:3      | Reached XP level 6. HP: 49/49 MP: 6/6
  2450 | D:3      | Noticed Terence
  2461 | D:3      | Killed Terence
  2461 | D:3      | Reached skill level 4 in Armour
  2862 | D:4      | Found Velefeh's Magic Scroll Boutique.
  2911 | D:4      | Gained mutation: You regenerate health from kills. [demonic ancestry]
  2911 | D:4      | Reached XP level 7. HP: 55/55 MP: 7/7
  3234 | D:4      | Found a staircase to the Ecumenical Temple.
  3376 | D:5      | Entered Level 5 of the Dungeon
  3483 | D:5      | Noticed a wyvern
  3493 | D:5      | Killed a wyvern
  3493 | D:5      | Reached skill level 5 in Fighting
  3493 | D:5      | Reached skill level 5 in Armour
  3572 | D:5      | Reached **** piety under Trog
  3583 | D:5      | Reached skill level 5 in Long Blades
  3583 | D:5      | Reached XP level 8. HP: 52/62 MP: 8/8
  3930 | D:5      | Reached skill level 1 in Stealth
  3939 | D:5      | Found a sparkling altar of Nemelex Xobeh.
  4544 | D:6      | Reached skill level 6 in Armour
  5118 | D:6      | Found an opulent altar of Gozag.
  5129 | D:6      | You fall through a shaft for 3 floors!
  5471 | D:8      | Gained mutation: You are partially covered in yellow scales. (AC +2) [demonic ancestry]
  5471 | D:8      | Reached XP level 9. HP: 69/69 MP: 9/9
  5723 | D:7      | Reached ***** piety under Trog
  5817 | D:7      | Reached skill level 7 in Armour
  6915 | D:7      | Found a glowing silver altar of Zin.
  6915 | D:7      | Noticed an angel
  7160 | D:8      | Noticed a two-headed ogre
  7427 | D:8      | Reached skill level 8 in Armour
  7427 | D:8      | Reached skill level 5 in Dodging
  7433 | D:8      | Received a gift from Trog
  7695 | D:8      | Noticed a two-headed hydra
  7698 | D:8      | Killed a one-headed hydra
  7698 | D:8      | Reached skill level 1 in Axes
  7698 | D:8      | Gained mutation: You are mostly covered in yellow scales. (AC +3) [demonic ancestry]
  7698 | D:8      | Reached XP level 10. HP: 79/79 MP: 10/10
  8060 | D:8      | Killed a two-headed ogre
  8231 | D:9      | Reached skill level 9 in Armour
  9040 | D:9      | Found a hide-covered altar of Uskayaw.
  9073 | D:9      | Found a hazy altar of Hepliaklqana.
  9223 | D:9      | Found a staircase to the Orcish Mines.
  9266 | D:10     | Entered Level 10 of the Dungeon
  9342 | D:10     | Got a warped leather armour
  9385 | D:10     | Noticed Urug
  9405 | D:10     | Killed Urug
  9426 | D:10     | Noticed Fannar
  9428 | D:10     | Noticed Joseph
  9681 | D:10     | Found a sparkling altar of Nemelex Xobeh.
  9699 | D:10     | Gained mutation: A demonic guardian rushes to your aid. [demonic ancestry]
  9699 | D:10     | Reached XP level 11. HP: 78/87 MP: 11/11
  9703 | D:10     | Received a gift from Trog
 10139 | D:10     | Killed Joseph
 10234 | D:10     | Reached skill level 10 in Armour
 10304 | D:10     | Found a staircase to the Lair.
 10879 | D:10     | Killed Fannar
 11073 | Orc:1    | Entered Level 1 of the Orcish Mines
 11084 | Orc:1    | Identified the +3 leather armour of the Known World {rPois rCorr Dex+6} (You found it on level 10 of the Dungeon)
 11144 | Orc:1    | Noticed an orc sorcerer
 11146 | Orc:1    | Noticed a soul eater
 11149 | Orc:1    | Noticed an orc warlord
 11155 | Orc:1    | Killed an orc sorcerer
 11174 | Orc:1    | Killed an orc warlord
 11333 | Orc:1    | Found a dark tunnel.
 11346 | Volcano  | Entered a volcano
 11882 | Volcano  | Found a radiant altar of Vehumet.
 11882 | Volcano  | Noticed a salamander mystic
 11896 | Volcano  | Killed a salamander mystic
 11905 | Volcano  | HP: 1/89 [salamander/trident (15)]
 11905 | Volcano  | Slain by a salamander

Skill      XL: |  1  2  3  4  5  6  7  8  9 10 11 |
---------------+----------------------------------+-----
Dodging        | 2 3 4 5 6 |  6.6
Armour         | 2 3 4 5 6 8 9 10 | 10.4
Long Blades    | 3 4 5 6 7 8 9 |  9.2
Fighting       | 4 5 6 7 8 9 |  9.3
Stealth        | 1 2 |  2.2
Axes           | 1 |  1.9

Action                   |  1- 3 |  4- 6 |  7- 9 | 10-12 || total
-------------------------+-------+-------+-------+-------++-------
Melee: Falchion          |    97 |    90 |   511 |   512 ||  1210
       Kick              |    30 |    33 |    49 |       ||   112
       Hand axe          |       |       |    34 |    18 ||    52
Invok: Berserk           |     2 |     5 |    14 |    12 ||    33
       Brothers in Arms  |       |       |       |     2 ||     2
  Use: Scroll            |       |       |    13 |     3 ||    16
       Potion            |       |       |       |     1 ||     1
 Stab: Sleeping          |     1 |       |       |     2 ||     3
       Distracted        |       |       |     3 |     1 ||     4
  Eat: Chunk             |     4 |     8 |    26 |    14 ||    52
       Ration            |       |       |     3 |     3 ||     6
Armor: Animal skin       |    16 |       |       |       ||    16
       Scale mail        |    22 |    20 |       |       ||    42
       Chain mail        |       |    10 |   302 |   261 ||   573
       Leather armour    |       |       |       |    21 ||    21
Dodge: Dodged            |    76 |    47 |   239 |   278 ||   640
       Rpst.: Falchion   |    23 |    19 |    85 |    64 ||   191
